 Dungeon Crawl Stone Soup version 0.24-a0-762-gca426f56c8 (webtiles) character file.

Game seed: 18222282314534502007, levelgen mode: deterministic

5093 Sumyuka the Blocker (level 10, -1/82 HPs)
             Began as a Gnoll Fighter on Oct 3, 2019.
             Was a Believer of Yredelemnul.
             Engulfed by a steam dragon's steam (8 damage)
             ... on level 9 of the Dungeon.
             The game lasted 00:20:54 (8461 turns).

Sumyuka the Blocker (Gnoll Fighter)                 Turns: 8461, Time: 00:20:55

Health: -1/82      AC: 16    Str: 19    XL:     10   Next: 57%
Magic:  17/17      EV: 10    Int: 16    God:    Yredelemnul [**....]
Gold:   528        SH:  0    Dex: 14    Spells: 15/19 levels left

rFire    . . .     SeeInvis .   m - +3 halberd
rCold    + . .     Gourm    .   (shield currently unavailable)
rNeg     . . .     Faith    .   C - +4 chain mail {rC+}
rPois    +         Spirit   .   (no helmet)
rElec    .         Reflect  .   (no cloak)
rCorr    .         Harm     .   h - +0 pair of gloves
MR       +....                  (no boots)
Stlth    ..........             s - amulet of magic regeneration
HPRegen  0.23/turn              t - ring of protection from magic
MPRegen  0.40/turn              (no ring)

@: no status effects
A: distributed training, fangs 1, clever 1, poison resistance, strong nose
a: Animate Remains, Recall Undead Slaves, Injury Mirror, Renounce Religion


You were on level 9 of the Dungeon.
You worshipped Yredelemnul.
Yredelemnul was pleased with you.
You were near starving.

You visited 1 branch of the dungeon, and saw 9 of its levels.

You collected 528 gold pieces.

Inventory:

Hand Weapons
 a - a +0 long sword
 m - a +3 halberd (weapon)
Missiles
 p - 16 poisoned darts (quivered)
Armour
 b - a +0 scale mail
 c - a +2 cloak of poison resistance
 h - a +0 pair of gloves (worn)
 y - a +3 leather armour
 C - a +4 chain mail of cold resistance (worn)
Jewellery
 s - an amulet of magic regeneration (around neck)
 t - a ring of protection from magic (left hand)
Wands
 o - a wand of digging (2)
Scrolls
 e - 3 scrolls of remove curse
 k - a scroll of fog {unknown}
 l - a scroll of noise {unknown}
 r - 2 scrolls of magic mapping {unknown}
 x - 6 scrolls of identify
 B - a scroll of enchant weapon {unknown}
 D - a scroll of random uselessness {unknown}
Potions
 g - a potion of mutation
 i - 2 potions of brilliance
 j - 2 potions of flight
 q - 2 potions of cancellation {unknown}
 u - 2 potions of lignification {unknown}
 w - a potion of degeneration {unknown}
 A - a potion of curing {unknown}
Comestibles
 f - 14 rations


   Skills:
 + Level 8.5 Fighting
 + Level 5.3 Short Blades
 + Level 7.1 Long Blades
 + Level 5.3 Axes
 + Level 5.3 Maces & Flails
 + Level 5.3 Polearms
 + Level 5.3 Staves
 + Level 5.3 Slings
 + Level 5.3 Bows
 + Level 5.3 Crossbows
 + Level 5.3 Throwing
 + Level 8.5 Armour
 + Level 5.3 Dodging
 + Level 5.3 Stealth
 + Level 8.5 Shields
 + Level 5.3 Unarmed Combat
 + Level 5.3 Spellcasting
 + Level 4.4 Conjurations
 + Level 4.4 Hexes
 + Level 4.4 Charms
 + Level 4.4 Summonings
 + Level 4.4 Necromancy
 + Level 4.4 Translocations
 + Level 4.4 Transmutations
 + Level 4.4 Fire Magic
 + Level 4.4 Ice Magic
 + Level 4.4 Air Magic
 + Level 4.4 Earth Magic
 + Level 4.4 Poison Magic
 + Level 5.8 Invocations
 + Level 5.3 Evocations


You had 15 spell levels left.
You knew the following spells:

 Your Spells              Type           Power        Failure   Level  Hunger
a - Blink                 Tloc           N/A          30%         2    #......
b - Call Imp              Summ           ###.....     30%         2    #......

Your spell library contained the following spells:

 Spells                   Type           Power        Failure   Level  Hunger
 Animate Skeleton         Necr           N/A          21%         1    None
 Magic Dart               Conj           ###.         21%         1    None
 Pain                     Necr           ###.         21%         1    None
 Slow                     Hex            ###.....     30%         2    #......
 Conjure Flame            Conj/Fire      ###.....     52%         3    ###....
 Mephitic Cloud           Conj/Pois/Air  ###.....     52%         3    ###....
 Regeneration             Chrm/Necr      ###.......   52%         3    ###....
 Vampiric Draining        Necr           ###.......   52%         3    ###....
 Animate Dead             Necr           N/A          90%         4    ####...


Dungeon Overview and Level Annotations

Branches:
Dungeon (9/15)             Temple (0/1) D:6
   Lair: D:8-11         Orc: D:9-12

Altars:
Ashenzari
Fedhas
Gozag
Kikubaaqudgha
Makhleb
Nemelex Xobeh
Sif Muna
Vehumet
Wu Jian
Xom
Yredelemnul
Zin
Beogh

Annotations:
D:3 3 runed translucent doors, Kohma's ghost, amateur DrCj


Innate Abilities, Weirdness & Mutations

Your experience applies equally to all skills.
You have very sharp teeth.
Your uncanny sense of smell can sniff out nearby items.
Your mind is acute. (Int +2)
Your system is resistant to poisons. (rPois)


Message History

The steam dragon bites you!
* * * LOW HITPOINT WARNING * * *
The steam dragon barely misses you.
You closely miss the steam dragon.
The steam dragon bites you but does no damage.
The steam dragon claws you but does no damage.
The steam dragon barely misses you. x2
You hit the steam dragon but do no damage.
The steam dragon breathes steam at you. The ball of steam hits you!
* * * LOW HITPOINT WARNING * * *
Okay, then.
Okay, then.
Okay, then.
As you read the scroll labeled CUOCAER OSIU, it crumbles to dust.
You assume a fearsome visage.
The steam dragon looks frightened!
It was a scroll of fear.
You are engulfed in a cloud of scalding steam.
You die...
Your body rises from the dead as a mindless zombie.

####### .....# ..##.#
∆ #.##.# #.##.#
####.##.#######.#
##.##.....).D......#
∆
.....D.......@...##.#
##.##.##.##§####.# #
#......∆....
####.####.### ..# #.#
..# #.# ..## #.# ∆


You could see a steam dragon (fleeing).

Vanquished Creatures
  Harold (D:6)
  Pikel (D:7)
  Maurice (D:8)
  A centaur skeleton (D:7)
  4 hogs
  A human (D:7)
  Edmund (D:5)
  A water moccasin (D:6)
  An orc warrior (D:5)
  2 slaves (D:7)
  3 sky beasts
  3 ice beasts
  An ogre (D:9)
  2 centaurs
  4 bullfrogs
  A gnoll sergeant (D:2)
  2 scorpions (D:5)
  A howler monkey (D:4)
  4 jellies
  3 crimson imps
  2 centaur zombies
  A bullfrog skeleton (D:7)
  3 hounds
  2 orc priests
  3 orc wizards
  2 iguanas
  7 worker ants
  8 gnolls
  7 adders
  A shadow imp (D:7)
  An adder skeleton (D:8)
  2 worms
  2 dart slugs
  7 leopard geckos
  20 orcs
  2 ball pythons
  5 giant cockroaches
  4 goblins
  9 hobgoblins
  22 jackals
  3 quokkas
  5 bats
  9 frilled lizards
  4 kobolds
  6 rats
  A fungus (D:8)
176 creatures vanquished.

Vanquished Creatures (others)
  8 fungi (D:8)
  4 toadstools (D:8)
12 creatures vanquished.

Grand Total: 188 creatures vanquished

Notes
Turn   | Place    | Note
-------+----------+-------------------------------------------
     0 | D:1      | Sumyuka the Gnoll Fighter began the quest for the Orb.
     0 | D:1      | Reached XP level 1. HP: 23/23 MP: 1/1
    41 | D:1      | Reached XP level 2. HP: 27/29 MP: 2/2
   611 | D:1      | Reached XP level 3. HP: 35/35 MP: 3/3
   831 | D:2      | Reached skill level 1 in Invocations
   893 | D:2      | Noticed a bullfrog
   900 | D:2      | Killed a bullfrog
   900 | D:2      | Reached skill level 1 in Short Blades
   900 | D:2      | Reached skill level 1 in Axes
   900 | D:2      | Reached skill level 1 in Maces & Flails
   900 | D:2      | Reached skill level 1 in Polearms
   900 | D:2      | Reached skill level 1 in Staves
   900 | D:2      | Reached skill level 1 in Slings
   900 | D:2      | Reached skill level 1 in Bows
   900 | D:2      | Reached skill level 1 in Crossbows
   900 | D:2      | Reached skill level 1 in Throwing
   900 | D:2      | Reached skill level 1 in Dodging
   900 | D:2      | Reached skill level 1 in Stealth
   900 | D:2      | Reached skill level 1 in Unarmed Combat
   900 | D:2      | Reached skill level 1 in Spellcasting
   900 | D:2      | Reached skill level 1 in Conjurations
   900 | D:2      | Reached skill level 1 in Hexes
   900 | D:2      | Reached skill level 1 in Charms
   900 | D:2      | Reached skill level 1 in Summonings
   900 | D:2      | Reached skill level 1 in Necromancy
   900 | D:2      | Reached skill level 1 in Translocations
   900 | D:2      | Reached skill level 1 in Transmutations
   900 | D:2      | Reached skill level 1 in Fire Magic
   900 | D:2      | Reached skill level 1 in Ice Magic
   900 | D:2      | Reached skill level 1 in Air Magic
   900 | D:2      | Reached skill level 1 in Earth Magic
   900 | D:2      | Reached skill level 1 in Poison Magic
   900 | D:2      | Reached skill level 1 in Evocations
   900 | D:2      | Reached XP level 4. HP: 41/41 MP: 5/5
  1055 | D:2      | Reached XP level 5. HP: 47/47 MP: 6/6
  1170 | D:3      | Found a faded altar of an unknown god.
  1369 | D:3      | Found a runed translucent gate.
  1369 | D:3      | Found a runed translucent gate.
  1369 | D:3      | Found a runed translucent gate.
  1371 | D:3      | Noticed Kohma's ghost (amateur DrCj)
  1377 | D:3      | Found a roughly hewn altar of Beogh.
  1378 | D:3      | Identified the cursed +2 whip "Wicwel" {freeze, *Noise
                  | rF+++ Str+2}
  1378 | D:3      | Identified the +3 ring mail of Ileor {Str+2}
  1403 | D:3      | Gained mutation: Your mind is acute. (Int +2) [potion of
                  | mutation]
  1403 | D:3      | Gained mutation: Your system is resistant to poisons.
                  | (rPois) [potion of mutation]
  1455 | D:3      | Found a blossoming altar of Fedhas.
  1455 | D:3      | Found an ancient bone altar of Kikubaaqudgha.
  1679 | D:3      | Found a shimmering altar of Xom.
  1683 | D:3      | Found a glowing silver altar of Zin.
  1685 | D:3      | Found a radiant altar of Vehumet.
  1780 | D:2      | Reached XP level 6. HP: 18/53 MP: 8/8
  2236 | D:3      | Reached skill level 5 in Long Blades
  2983 | D:4      | Found a basalt altar of Yredelemnul.
  2987 | D:4      | Found a shattered altar of Ashenzari.
  2987 | D:4      | Found an ornate altar of the Wu Jian Council.
  2997 | D:4      | Became a worshipper of Yredelemnul the Dark
  3016 | D:4      | Found a shimmering blue altar of Sif Muna.
  3020 | D:4      | Found a burning altar of Makhleb.
  3402 | D:5      | Entered Level 5 of the Dungeon
  3408 | D:5      | Reached XP level 7. HP: 59/59 MP: 10/10
  3591 | D:5      | Noticed Edmund
  3609 | D:5      | Killed Edmund
  3727 | D:5      | Reached XP level 8. HP: 28/67 MP: 12/12
  4388 | D:5      | Found an opulent altar of Gozag.
  4388 | D:5      | Found a sparkling altar of Nemelex Xobeh.
  5112 | D:6      | Learned a level 2 spell: Blink
  5115 | D:6      | Learned a level 2 spell: Call Imp
  5188 | D:6      | Reached * piety under Yredelemnul
  5472 | D:6      | Found a staircase to the Ecumenical Temple.
  5595 | D:7      | Noticed Harold
  5929 | D:7      | Reached XP level 9. HP: 67/73 MP: 14/14
  6037 | D:6      | Killed Harold
  6899 | D:7      | Noticed Pikel
  6915 | D:7      | Killed Pikel
  6915 | D:7      | Reached skill level 5 in Invocations
  6915 | D:7      | Reached XP level 10. HP: 45/80 MP: 15/17
  7288 | D:6      | Reached skill level 5 in Short Blades
  7288 | D:6      | Reached skill level 5 in Axes
  7288 | D:6      | Reached skill level 5 in Maces & Flails
  7288 | D:6      | Reached skill level 5 in Polearms
  7288 | D:6      | Reached skill level 5 in Staves
  7288 | D:6      | Reached skill level 5 in Slings
  7288 | D:6      | Reached skill level 5 in Bows
  7288 | D:6      | Reached skill level 5 in Crossbows
  7288 | D:6      | Reached skill level 5 in Throwing
  7288 | D:6      | Reached skill level 5 in Dodging
  7288 | D:6      | Reached skill level 5 in Stealth
  7288 | D:6      | Reached skill level 5 in Unarmed Combat
  7288 | D:6      | Reached skill level 5 in Spellcasting
  7288 | D:6      | Reached skill level 5 in Evocations
  7846 | D:8      | Reached ** piety under Yredelemnul
  8231 | D:8      | Noticed a death yak
  8231 | D:8      | Noticed a death yak
  8231 | D:8      | Noticed a death yak
  8232 | D:8      | Noticed a death yak
  8232 | D:8      | Noticed Maurice
  8232 | D:8      | Noticed a death yak
  8354 | D:8      | Killed Maurice
  8373 | D:9      | Identified the +4 flail of Courage {crush, Dex+4 Stlth+}
  8461 | D:9      | Engulfed by a steam dragon's steam

Levels and vault maps discovered:
D:1:      enne_arrival_octagon_isle, layout_basic, minmay_hexomino_u4
D:2:      layout_basic
D:3:      layout_loops_ring, grunt_temple_overflow_growth_and_decay,
          grunt_temple_overflow_open, first_ration,
          chequers_ecumenical_altar_simple, biasface_ghost_orc_armoury,
          minmay_misc_feat_alley
D:4:      layout_cave_pods, minmay_overflow_temple_star_hex
D:5:      layout_basic, grunt_temple_overflow_opulence, uniq_edmund
D:6:      layout_loops_cross, minmay_temple_entry_hall, grunt_decor_cap
D:7:      layout_gridville, grunt_livestock, uniq_pikel, uniq_harold
D:8:      layout_rooms, dpeg_lair_monsters, gammafunk_ghost_grave,
          minmay_gold_behind_fungi, uniq_maurice
D:9:      nicolae_whirlpool, layout_loops_ring, uniq_gastronok

Skill      XL: |  1  2  3  4  5  6  7  8  9 10 |
---------------+-------------------------------+-----
Invocations    | 1 2 3 4 5 |  5.8
Short Blades   | 1 2 3 4 5 |  5.3
Axes           | 1 2 3 4 5 |  5.3
Maces & Flails | 1 2 3 4 5 |  5.3
Polearms       | 1 2 3 4 5 |  5.3
Staves         | 1 2 3 4 5 |  5.3
Slings         | 1 2 3 4 5 |  5.3
Bows           | 1 2 3 4 5 |  5.3
Crossbows      | 1 2 3 4 5 |  5.3
Throwing       | 1 2 3 4 5 |  5.3
Dodging        | 1 2 3 4 5 |  5.3
Stealth        | 1 2 3 4 5 |  5.3
Unarmed Combat | 1 2 3 4 5 |  5.3
Spellcasting   | 1 2 3 4 5 |  5.3
Conjurations   | 1 2 3 4 |  4.4
Hexes          | 1 2 3 4 |  4.4
Charms         | 1 2 3 4 |  4.4
Summonings     | 1 2 3 4 |  4.4
Necromancy     | 1 2 3 4 |  4.4
Translocations | 1 2 3 4 |  4.4
Transmutations | 1 2 3 4 |  4.4
Fire Magic     | 1 2 3 4 |  4.4
Ice Magic      | 1 2 3 4 |  4.4
Air Magic      | 1 2 3 4 |  4.4
Earth Magic    | 1 2 3 4 |  4.4
Poison Magic   | 1 2 3 4 |  4.4
Evocations     | 1 2 3 4 5 |  5.3
Long Blades    | 5 6 7 |  7.1
Fighting       | 7 8 |  8.5
Armour         | 7 8 |  8.5
Shields        | 7 8 |  8.5

Action                   |  1- 3 |  4- 6 |  7- 9 | 10-12 || total
-------------------------+-------+-------+-------+-------++-------
Melee: Long sword        |    78 |   125 |       |       ||   203
       Bite              |     8 |    19 |    36 |    25 ||    88
       Halberd           |       |    73 |   192 |   200 ||   465
       Short sword       |       |       |    46 |       ||    46
Throw: Dart              |     1 |       |    19 |       ||    20
       Throwing net      |       |       |     3 |     3 ||     6
 Cast: Blink             |       |       |     4 |       ||     4
Evoke: Wand              |       |       |    10 |       ||    10
  Use: Scroll            |       |     6 |     3 |     2 ||    11
       Potion            |       |     2 |     4 |     1 ||     7
 Stab: Invisible         |       |       |     2 |       ||     2
       Held in net/web   |       |       |       |     2 ||     2
  Eat: Chunk             |       |     4 |     4 |     2 ||    10
       Ration            |       |     1 |     2 |     1 ||     4
Armor: Scale mail        |    36 |    73 |    62 |       ||   171
       Chain mail        |       |       |    75 |   135 ||   210
Dodge: Dodged            |    18 |    76 |   155 |   117 ||   366
Block: Shield            |    44 |    90 |    33 |       ||   167
       Rpst.: Long sword |     4 |    12 |       |       ||    16

Table legend:
 A = Non-vault XP
 B = Vault XP
 C = Vault XP percentage of total XP
 D = Non-vault monster count
 E = Vault monster count
 F = Vault count percentage of total count
                 A         B        C        D         E       F
            +---------+---------+-------+---------+---------+-------
      Total |    4026 |    3251 |  44.7 |     161 |      12 |   6.9
            +---------+---------+-------+---------+---------+-------
        D:1 |      33 |       5 |  13.2 |      18 |       3 |  14.3
        D:2 |     232 |       0 |   0.0 |      15 |       0 |   0.0
        D:3 |     224 |       0 |   0.0 |      44 |       0 |   0.0
        D:4 |     109 |       0 |   0.0 |       8 |       0 |   0.0
        D:5 |     811 |     171 |  17.4 |      13 |       1 |   7.1
        D:6 |     630 |    1196 |  65.5 |      16 |       2 |  11.1
        D:7 |    1171 |    1430 |  55.0 |      27 |       5 |  15.6
        D:8 |     549 |     449 |  45.0 |      11 |       1 |   8.3
        D:9 |     267 |       0 |   0.0 |       9 |       0 |   0.0
            +---------+---------+-------+---------+---------+-------
